 Dungeon Crawl Stone Soup version 0.21-a0-18-g5d43826 (webtiles) character file.

37 Ant1 the Slasher (level 3, -1/30 HPs)
             Began as a Minotaur Gladiator on May 24, 2017.
             Killed from afar by Natasha (10 damage)
             ... with a magic dart
             ... on level 2 of the Dungeon.
             The game lasted 00:04:13 (940 turns).

Ant1 the Slasher (Minotaur Gladiator)                Turns: 940, Time: 00:04:13

Health: -1/30      AC:  3    Str: 19    XL:     3   Next: 21%
Magic:  2/2        EV: 13    Int:  5    God:
Gold:   58         SH:  0    Dex: 11    Spells: 2/2 levels left

rFire    . . .     SeeInvis .   a - +0 long sword
rCold    . . .     Gourm    .   (no shield)
rNeg     . . .     Faith    .   b - +0 leather armour
rPois    .         Spirit   .   c - +0 hat
rElec    .         Reflect  .   (no cloak)
rCorr    .         Harm     .   (no gloves)
MR       .....                  (no boots)
Stlth    +.........             (no amulet)
Regen    0.1/turn               (no ring)
MPRegen  0.1/turn               (no ring)

@: slowed, very slow
A: retaliatory headbutt, horns 2
a: no special abilities


You were on level 2 of the Dungeon.
You were not hungry.

You visited 1 branch of the dungeon, and saw 2 of its levels.

You collected 58 gold pieces.

Inventory:

Hand Weapons
 a - a +0 long sword (weapon)
Missiles
 d - 2 throwing nets (quivered)
Armour
 b - a +0 leather armour (worn)
 c - a +0 hat (worn)
Scrolls
 e - 3 scrolls of identify {unknown}
 i - a scroll of random uselessness {unknown}
 k - a scroll of enchant weapon {unknown}
Potions
 h - a potion of cancellation {unknown}
 j - a potion of degeneration {unknown}
Comestibles
 f - a bread ration
 g - a meat ration


   Skills:
 + Level 2.6 Fighting
 + Level 4.7 Long Blades
 - Level 2.0 Throwing
 + Level 3.7 Dodging


You had 2 spell levels left.
You didn't know any spells.

Dungeon Overview and Level Annotations

Branches:
Dungeon (2/15)

Altars:

Annotations:
D:2 Natasha


Innate Abilities, Weirdness & Mutations

You reflexively headbutt those who attack you in melee.
You have a pair of horns on your head.


Message History

You throw a throwing net.
The throwing net closely misses Natasha.
The throwing net hits the rat.
The rat is caught in the net!
You closely miss Natasha.
The rat struggles against the net.
Natasha claws you.
The rat struggles against the net.
You closely miss Natasha. Your headbutt misses Natasha. Natasha claws you!
The rat struggles against the net.
You hit Natasha but do no damage. Natasha claws you.
* * * LOW HITPOINT WARNING * * *
The rat struggles against the net.
You barely miss Natasha. You headbutt Natasha.
Natasha is lightly wounded.
Natasha casts a spell at you.
You feel yourself slow down.
The rat struggles against the net.
The net rips apart, and the rat comes free!
Natasha claws you but does no damage.
You drop a meat ration.
Natasha stares at you and mumbles some strange words.
The magic dart hits you!
You die...

#.......# #...
.#....#######.### #...
.."...# #..# #### .....#
##.# ....# #.# ..r# #.#
#..#######.########
#.####.h##.............#
.......@##.#####.##.##.#
...###.....#####.##.....
#........##.#####.#
#.....##.##.#####.#
...####.##..........#
#.# #.......####### #.
######.## . ...# . ##..#


You could see Natasha and a rat.

Vanquished Creatures
  3 dart slugs (D:1)
  3 leopard geckos (D:1)
  2 giant cockroaches (D:1)
  A goblin (D:1)
  A hobgoblin (D:1)
  2 jackals (D:1)
  5 kobolds (D:1)
  5 bats (D:1)
  2 frilled lizards (D:1)
  4 rats (D:1)
28 creatures vanquished.

Notes
Turn   | Place    | Note
-------+----------+-------------------------------------------
     0 | D:1      | Ant1 the Minotaur Gladiator began the quest for the Orb.
     0 | D:1      | Reached XP level 1. HP: 18/18 MP: 0/0
   206 | D:1      | Reached skill level 4 in Long Blades
   206 | D:1      | Reached XP level 2. HP: 25/25 MP: 1/1
   482 | D:1      | Reached XP level 3. HP: 21/30 MP: 2/2
   933 | D:2      | Noticed Natasha
   940 | D:2      | Killed from afar by Natasha

Vault maps used:
D:1:      grunt_arrival_crossed_arrows, minmay_tetromino_o2
D:2:      fiery_altar_vehumet, uniq_natasha

Skill      XL: |  1 |
---------------+----+-----
Long Blades    | 4 |  4.7
Fighting       | |  2.6
Throwing       | |  2.0
Dodging        | |  3.7

Action                   || total
-------------------------++-------
Melee: Long sword        ||    51
       Headbutt          ||     7
Throw: Throwing net      ||     1
Armor: Leather armour    ||    17
Dodge: Dodged            ||    26
       Rpst.: Long sword ||     7
